AoeStats
← Match Point

Arabia

509896843Analyzed
1v1 RM · 5d ago on Sep 28, 2026· 44m 38s· 2 players
Game mode
Random Map
Map size
Tiny (2 player)
Population
200
Speed
Normal
Resources
Standard
Victory
Conquest
Starting age
Dark Age
Ending age
Imperial Age
RankedLock teamsTeams togetherTeam positionsShared explorationLock speedFull tech treeHidden civsTurbo modeCheats
Victory
Defeat
🇩🇪 Gurjaras · Germany
1308
+15
🇨🇴 Saracens · Colombia
1278
-15
Watchpartysan
6:32 Loom
9:17 Feudal Age
10:45 Double-Bit Axe
17:52 Fletching
18:32 Padded Archer Armor
22:31 Scale Barding Armor
25:40 Castle Age
26:23 Bodkin Arrow
26:42 Bloodlines
26:53 Chain Barding Armor
26:16 Crossbowman
28:10 Husbandry
28:53 Forging
41:52 Iron Casting
41:57 Ballistics
41:53 Leather Archer Armor
42:48 Bow Saw
Match Point
7:26 Loom
9:31 Feudal Age
12:43 Forging
15:55 Scale Barding Armor
24:51 Castle Age
23:03 Gold Mining
27:09 Chain Barding Armor
27:24 Iron Casting
30:32 Fletching
34:06 Gold Shaft Mining
33:21 Stone Mining
38:16 Bodkin Arrow
Connection lost

Rejoining the realm…

Still unreachable

The connection could not be restored.

Session expired

The server has moved on; the page needs a fresh start.